 Dungeon Crawl Stone Soup version 0.28-a0-845-gfc338a8e3c (webtiles) character file.

Game seed: 11330800694467981016

138 ytrimaz the Chopper (level 5, 39/40 HPs)
             Began as a Demonspawn Gladiator on Nov 12, 2021.
             Quit the game on level 3 of the Dungeon.
             The game lasted 00:02:40 (2353 turns).

ytrimaz the Chopper (Demonspawn Gladiator)          Turns: 2353, Time: 00:02:41

Health: 39/40      AC:  7    Str: 15    XL:     5   Next: 1%
Magic:  5/5        EV: 13    Int: 10    God:
Gold:   151        SH:  0    Dex: 20    Spells: 4/4 levels left

rFire   + . .      SeeInvis .   l - +2 war axe
rCold   . . .      Faith    .   (no shield)
rNeg    . . .      Spirit   .   b - +0 leather armour
rPois   .          Reflect  .   c - +0 helmet
rElec   .          Harm     .   (no cloak)
rCorr   .          Rampage  .   (no gloves)
Will    .....                   (no boots)
Stlth   +.........              (no amulet)
HPRegen 0.13/turn               i - ring of protection from fire
MPRegen 0.09/turn               a - +6 ring of dexterity

@: mildly poisoned (39 -> 33)
A: thin metallic scales 2, demonic magic 1
a: no special abilities


You were on level 3 of the Dungeon.
You visited 1 branch of the dungeon, and saw 3 of its levels.

You collected 151 gold pieces.

Inventory:

Hand Weapons
 l - a +2 war axe (weapon)
Missiles
 d - 3 throwing nets (quivered)
Armour
 b - a +0 leather armour (worn)
 c - a +0 helmet (worn)
Jewellery
 a - a +6 ring of dexterity (right hand)
 h - a ring of magical power
 i - a ring of protection from fire (left hand)
Scrolls
 e - 3 scrolls of identify
Potions
 f - a potion of magic
 g - a potion of brilliance {unknown}
 k - 2 potions of curing


   Skills:
 * Level 2.9 Fighting
 - Level 0.2 Short Blades
 * Level 3.7 Axes
 - Level 1.7 Throwing
 * Level 1.7 Armour
 + Level 3.3 Dodging


You had 4 spell levels left.
You didn't know any spells.
Your spell library contained the following spells:

 Spells                   Type           Power      Damage    Failure   Level
 Sublimation of Blood     Necr           0%         N/A       56%         2
 Stone Arrow              Conj/Erth      0%         3d7       80%         3
 Animate Armour           Summ/Erth      0%         N/A       99%         4
 Petrify                  Tmut/Erth      0%         N/A       99%         4
 Irradiate                Conj/Tmut      0%         3d13      100%        5
 Lehudib's Crystal Spear  Conj/Erth      0%         10d2      100%        8


Dungeon Overview and Level Annotations

Branches:
Dungeon (3/15)

Altars:
Kikubaaqudgha
Ru
Wu Jian

Annotations:
D:3 1 runed translucent door, Crazy Yiuf


Innate Abilities, Weirdness & Mutations

You are mostly covered in thin metallic scales. (AC +3)
Spells you cast may paralyse adjacent enemies.


Message History

Found an ornate altar of the Wu Jian Council.
No target in view!
A dart slug comes into view.
A dart slug is nearby!
Found an ancient bone altar of Kikubaaqudgha and a sacrificial altar of Ru.
The helpless dart slug fails to defend itself.
You slash the dart slug!
You kill the dart slug!
You have reached level 5!
Your demonic ancestry asserts itself...
Thin metallic scales spread over more of your body.
g - a golden potion
There is a dry fountain here.
You pick up a book of Alchemy and begin reading...
You add the spells Sublimation of Blood, Petrify and Irradiate to your library.
You see here 9 stones.
There is a stone staircase leading up here.
You see here a +0 club.
There is a stone staircase leading down here.
You see here a +0 club.
There is a stone staircase leading up here.
An adder comes into view.
An adder is nearby!
An adder is nearby!
The adder hisses angrily.
The adder closely misses you.
You closely miss the adder. The adder misses you. The adder barely misses you.
You hit the adder but do no damage. The adder barely misses you.
You barely miss the adder. The adder barely misses you.
The adder bites you but does no damage.
You miss the adder. The adder closely misses you.
The adder bites you but does no damage.
You closely miss the adder. The adder barely misses you. x2
You closely miss the adder. The adder closely misses you.
You slash the adder!
The adder is severely wounded.
The adder bites you.
You are poisoned.
The adder poisons you! The adder completely misses you.
Are you sure you want to abandon this character and quit the game? (Confirm with "yes".)

##..#..#.................>....#.#
..........................#......
###.#..#..................#...#.#
# #.#.##.######...####.#........#
###......# #...# #........###
..#P.....# #...# ###.##.#.# #
.P.##.#### #...# #......###
.P.##.# #...# ##......## P_##..#
#.@S# #...##.#. .###### ##.#.#
#.#.##.#. ## .....# #..#......
.......##.#.###..#.
..................#.
..##.....##.##.##.##. ... .....##
# .# #. ... ..#..# .# #. .# ##


You could see an adder.

Vanquished Creatures
  Robin (D:3)
  5 adders
  An adder skeleton (D:3)
  4 dart slugs
  9 bats
  5 endoplasms (D:1)
  2 giant cockroaches
  11 goblins
  7 hobgoblins
  5 quokkas
  7 ball pythons
  4 kobolds
  6 rats
67 creatures vanquished.

Notes
Turn   | Place    | Note
-------+----------+-------------------------------------------
     0 | D:1      | ytrimaz the Demonspawn Gladiator began the quest for the
                  | Orb.
     0 | D:1      | Reached XP level 1. HP: 16/16 MP: 1/1
   220 | D:1      | Gained mutation: You are partially covered in thin metallic
                  | scales. (AC +2) [demonic ancestry]
   220 | D:1      | Reached XP level 2. HP: 21/22 MP: 2/2
   737 | D:2      | Found a faded altar of an unknown god.
   753 | D:2      | Reached skill level 1 in Armour
   753 | D:2      | Reached XP level 3. HP: 23/28 MP: 3/3
  1541 | D:3      | Noticed Robin
  1542 | D:3      | Gained mutation: Spells you cast may paralyse adjacent
                  | enemies. [demonic ancestry]
  1542 | D:3      | Reached XP level 4. HP: 33/34 MP: 4/4
  1579 | D:3      | Killed Robin
  2115 | D:3      | Found a runed translucent door.
  2116 | D:3      | Noticed Crazy Yiuf
  2187 | D:3      | Found an ornate altar of the Wu Jian Council.
  2193 | D:3      | Found an ancient bone altar of Kikubaaqudgha.
  2193 | D:3      | Found a sacrificial altar of Ru.
  2196 | D:3      | Gained mutation: You are mostly covered in thin metallic
                  | scales. (AC +3) [demonic ancestry]
  2196 | D:3      | Reached XP level 5. HP: 40/40 MP: 5/5
  2353 | D:3      | Quit the game

Illustrated notes

Levels and vault maps discovered:
D:1:      wander_arrival_chamber, layout_basic
D:2:      layout_basic, hellmonk_ecumenical_altar_arch_garden
D:3:      minmay_spotlight, layout_loops_cross, vehumet_statue,
          gammafunk_temple_overflow_forgotten, uniq_robin,
          uniq_crazy_yiuf_cottage

Skill      XL: |  1  2 |
---------------+-------+-----
Axes           | 3 |  3.7
Dodging        | 3 |  3.3
Armour         | 1 |  1.7
Fighting       | |  2.9
Short Blades   | |  0.2
Throwing       | |  1.7

Action                   |  1- 3 |  4- 6 || total
-------------------------+-------+-------++-------
Melee: War axe           |    93 |    30 ||   123
       Short sword       |     5 |    36 ||    41
  Use: Scroll            |     3 |     2 ||     5
       Potion            |       |     1 ||     1
 Stab: Sleeping          |     1 |     1 ||     2
Armor: Leather armour    |    44 |    38 ||    82
Dodge: Dodged            |   115 |    66 ||   181

Table legend: (Time is in decaauts)
 A = Elapsed time spent in this place.
 B = Non-inter-level travel time spent in this place.
 C = Inter-level travel time spent in this place.
 D = Time resting spent in this place.
 E = Time spent auto-exploring this place.
 F = Levels seen in this place.
 G = Mean time per level.
                   A        B        C        D        E       F      G
               +--------+--------+--------+--------+--------+-----+--------+
         Total |   2398 |   2276 |    122 |    228 |   1573 |   3 |  799.3 |
       Dungeon |   2398 |   2276 |    122 |    228 |   1573 |   3 |  799.3 |
               +--------+--------+--------+--------+--------+-----+--------+

Top non-repeatable levels by time:
     D:2: 918 daAuts
     D:3: 750 daAuts
     D:1: 728 daAuts
